Avalanches vs Sharks

Created - 25 décembre 2021 at 09:57

Goals
1 2 3 T
Avalanches 1 1 1 3
Sharks 0 0 1 1
Shots
1 2 3 T
Avalanches 11 9 9 29
Sharks 10 6 14 30

GoalsPenalties
1st period
1. Avalanches , James Neal 3 (Robert Hagg 13, Pius Suter 9) at 16:37
John Moore (COL) for Hooking (Minor) at 10:22
2nd period
2. Avalanches , Boone Jenner 7 (Alex Goligoski 22, Jake DeBrusk 14) at 17:37 (PP)
James Neal (COL) for Hooking (Minor) at 1:08
Joel Edmundson (SAN) for Hooking (Minor) at 3:16
Joel Edmundson (SAN) for Hooking (Minor) at 15:43
3rd period
3. Avalanches , Derek Ryan 9 (Nick Bjugstad 5, Ryan Donato 3) at 9:07
4. Sharks , Chandler Stephenson 8 (Joel Edmundson 4, Jack Eichel 24) at 16:29
Boone Jenner (COL) for Holding Stick (Minor) at 11:08
Erik Johnson (SAN) for Hooking (Minor) at 17:27
Nick Bjugstad (COL) for Holding (Minor) at 17:27
Goalie Stats
Brian Elliott (COL), 29 saves from 30 shots - (0,967), W, 5-3-1, 60:00 minutes
Carter Hart (SAN), 26 saves from 29 shots - (0,897), L, 11-11-1, 60:00 minutes
3 StarsOfficial
1 - Brian Elliott (COL)
2 - James Neal (COL)
3 - Derek Ryan (COL)
Referees : Francois StLaurent and Ian Walsh
Linesman : Greg Devorski and Thor Nelson
Game Note
No Game Note
Finance
Level 1 -- Attendance: 3983 (79,66%) -- Ticket Income 398 300 $
Level 2 -- Attendance: 4000 (100,00%) -- Ticket Income 200 000 $
Level 3 -- Attendance: 2239 (74,63%) -- Ticket Income 89 560 $
Level 4 -- Attendance: 3771 (94,28%) -- Ticket Income 75 420 $
Luxury Box -- Attendance: 737 (73,70%) -- Ticket Income 147 400 $
Game was played at the SAP Center.
Total Attendance: 14730 (86,65%)
Total Ticket Income: 910 680 $
Other Income: 446 233 $
Total Income: 1 356 913 $



Team Name Goals Shots Shots Attemp Shots Blocked PIM HIT PP PK FO%
Avalanches 32954108221 / 2 (50%)062%
Sharks 13067146250 / 3 (0%)138%

Avalanches
Player Name POS G A P +/- PIM HIT SHT SB MP PP MP PP SHT PK MP PK SHT FO% FOT
Adam LarssonD0001011116:270:0002:3500% 0
Alex GalchenyukC/LW000001109:090:0003:3400% 3
Alex GoligoskiD0111011125:552:1803:1000% 0
Boone JennerC/LW1011232021:262:1811:41059% 22
Craig SmithRW000000105:350:0000:000100% 1
Derek RyanC/RW1011003116:171:3502:44079% 19
Eric StaalC000000005:350:0000:000100% 5
Jake DeBruskLW/RW011-1044016:262:1820:0000% 1
James NealLW/RW1011241016:410:0000:12033% 3
James van RiemsdykLW000-1001119:451:3503:0100% 0
John MooreD0001210212:520:0000:0000% 0
Josh MansonD000-1032121:111:3502:4710% 0
Matt DumbaD000-1004324:152:1803:2200% 0
Nick BjugstadC/RW0111200011:570:0000:0000% 1
Pavel ZachaC/LW000-1013016:441:3500:00062% 21
Pius SuterC0111002019:462:1810:0000% 0
Robert HaggD0111031019:191:3500:0000% 0
Ryan DonatoC/LW0111002012:400:0000:4200% 1
Sharks
Player Name POS G A P +/- PIM HIT SHT SB MP PP MP PP SHT PK MP PK SHT FO% FOT
Alex PietrangeloD000-1001424:293:5711:3300% 0
Blake ColemanC/LW/RW000-2022016:433:2612:1100% 2
Cal ClutterbuckRW000002008:460:0000:0000% 0
Chandler StephensonC/LW1011014019:453:2310:00050% 4
Erik JohnsonD0000220222:213:5702:2000% 0
J.T. CompherC/LW/RW0000002018:493:2302:11040% 20
Jack EichelC0111015119:092:3410:00038% 24
Joel EdmundsonD0111452216:450:0300:0000% 0
Luke GlendeningC/RW0000002010:280:0001:4200% 1
Marcus FolignoLW/RW000-2020210:160:0000:000100% 1
Nate SchmidtD0001012220:471:5721:3300% 0
Nic DowdC/RW0000011110:280:0001:42025% 12
Nick FolignoC/LW/RW000-2012010:160:0000:00042% 12
Philippe MyersD000-2051015:500:0000:0000% 0
Ryan StromeC/RW0000024013:150:0000:0000% 0
Vladimir TarasenkoRW0001002018:562:3400:0000% 0
Vladislav GavrikovD000-1000019:452:0002:2000% 0
William NylanderC/LW/RW0000000017:172:3100:000100% 1

Avalanches

5 vs 5 Forward
Line #Left WingCenterRight WingPHYDFOFWanted %Time %Time Play
1James van RiemsdykPavel ZachaJake DeBrusk0233229%14:08
2Pius SuterBoone JennerJames Neal0233234%16:30
3Ryan DonatoDerek RyanNick Bjugstad0232425%11:58
4Alex GalchenyukEric StaalCraig Smith0231212%5:35
5 vs 5 Defense
Line #DefenseDefensePHYDFOFWanted %Time %Time Play
1Matt DumbaJosh Manson1133533%15:51
2Alex GoligoskiRobert Hagg1133535%16:46
3Adam LarssonJohn Moore3111827%12:53
4Matt DumbaAlex Goligoski113126%2:41
Power Play Forward
Line #Left WingCenterRight WingPHYDFOFWanted %Time %Time Play
1James van RiemsdykPavel ZachaDerek Ryan0146041%1:35
2Jake DeBruskBoone JennerPius Suter0144059%2:18
Power Play Defense
Line #DefenseDefensePHYDFOFWanted %Time %Time Play
1Matt DumbaAlex Goligoski0146059%2:18
2Josh MansonRobert Hagg0144041%1:35
Penalty Kill 4 Players Forward
Line #CenterWingPHYDFOFWanted %Time %Time Play
1Boone JennerJames van Riemsdyk0415054%3:13
2Derek RyanAlex Galchenyuk0415046%2:44
Penalty Kill 4 Players Defense
Line #DefenseDefensePHYDFOFWanted %Time %Time Play
1Matt DumbaAlex Goligoski1405557%3:22
2Adam LarssonJosh Manson1404543%2:35
Penalty Kill 3 Players
Line #WingPHYDFOFWanted %Time %Time PlayDefenseDefensePHYDFOFWanted %Time %Time Play
1Boone Jenner041500%0:00 Matt DumbaAlex Goligoski140500%0:00
2Derek Ryan041500%0:00 Adam LarssonJosh Manson140500%0:00
4 vs 4 Forward
Line #CenterWingPHYDFOFWanted %Time %Time Play
1Pavel ZachaJames van Riemsdyk0235551%1:01
2Boone JennerPius Suter0234549%0:58
4 vs 4 Defense
Line #DefensePHYDFOFWanted %Time %Time Play
1Matt DumbaAlex Goligoski0236051%60% - 1:01
2Josh MansonRobert Hagg1224049%40% - 0:58
Last Minutes Offensive
Left WingCenterRight WingDefenseDefense
James van RiemsdykPavel ZachaJake DeBruskMatt DumbaAlex Goligoski
Last Minutes Defensive
Left WingCenterRight WingDefenseDefense
Pavel ZachaBoone JennerDerek RyanMatt DumbaAlex Goligoski
Time
Total ForwardTotal DefenseLast Minutes OffensiveLast Minutes Defensive
60:00 60:00 0:000:00
Extra Forwards
Normal PowerPlayPenalty Kill
James van Riemsdyk, Pavel Zacha, Jake DeBruskJames van Riemsdyk, Jake DeBruskBoone Jenner
Extra Defensemen
Normal PowerPlayPenalty Kill
Matt Dumba, Alex Goligoski, Josh MansonAlex Goligoski, Adam LarssonAlex Goligoski
Penalty Shots
Pius Suter, James van Riemsdyk, Pavel Zacha, Alex Galchenyuk, James Neal
Goalie
Brian Elliott, Robin Lehner
Custom OT Lines Forwards
James van Riemsdyk, Pavel Zacha, Jake DeBrusk, Boone Jenner, Craig Smith, Eric Staal, Alex Galchenyuk, Pius Suter, Derek Ryan, James Neal
Custom OT Lines Defensemen
Matt Dumba, Alex Goligoski, Josh Manson, Adam Larsson, Robert Hagg
Scratches
Jarred Tinordi (Healthy), Justin Williams (Healthy), Adin Hill (Healthy)

Sharks

5 vs 5 Forward
Line #Left WingCenterRight WingPHYDFOFWanted %Time %Time Play
1Chandler StephensonJack EichelVladimir Tarasenko1223433%15:54
2William NylanderJ.T. CompherRyan Strome1223027%13:15
3Blake ColemanNick FolignoMarcus Foligno1222421%10:16
4Cal ClutterbuckNic DowdLuke Glendening1311218%8:46
5 vs 5 Defense
Line #DefenseDefensePHYDFOFWanted %Time %Time Play
1Philippe MyersAlex Pietrangelo1223433%15:50
2Joel EdmundsonNate Schmidt1223034%16:16
3Vladislav GavrikovErik Johnson1312224%11:20
4Erik JohnsonAlex Pietrangelo1221410%4:45
Power Play Forward
Line #Left WingCenterRight WingPHYDFOFWanted %Time %Time Play
1William NylanderJack EichelVladimir Tarasenko1136043%2:34
2Blake ColemanChandler StephensonJ.T. Compher1134057%3:23
Power Play Defense
Line #DefenseDefensePHYDFOFWanted %Time %Time Play
1Erik JohnsonAlex Pietrangelo1136066%3:57
2Vladislav GavrikovNate Schmidt1134034%2:00
Penalty Kill 4 Players Forward
Line #CenterWingPHYDFOFWanted %Time %Time Play
1J.T. CompherBlake Coleman1315056%2:11
2Nic DowdLuke Glendening1315044%1:42
Penalty Kill 4 Players Defense
Line #DefenseDefensePHYDFOFWanted %Time %Time Play
1Nate SchmidtAlex Pietrangelo1315040%1:33
2Joel EdmundsonErik Johnson1315060%2:20
Penalty Kill 3 Players
Line #WingPHYDFOFWanted %Time %Time PlayDefenseDefensePHYDFOFWanted %Time %Time Play
1J.T. Compher050500%0:00 Alex PietrangeloVladislav Gavrikov050500%0:00
2Nic Dowd050500%0:00 Joel EdmundsonErik Johnson050500%0:00
4 vs 4 Forward
Line #CenterWingPHYDFOFWanted %Time %Time Play
1Jack EichelWilliam Nylander1225076%1:31
2Chandler StephensonVladimir Tarasenko1225024%0:28
4 vs 4 Defense
Line #DefensePHYDFOFWanted %Time %Time Play
1Alex PietrangeloErik Johnson12250100%50% - 1:59
2Nate SchmidtVladislav Gavrikov122500%50% - 0:00
Last Minutes Offensive
Left WingCenterRight WingDefenseDefense
William NylanderJack EichelVladimir TarasenkoPhilippe MyersAlex Pietrangelo
Last Minutes Defensive
Left WingCenterRight WingDefenseDefense
J.T. CompherChandler StephensonBlake ColemanPhilippe MyersAlex Pietrangelo
Time
Total ForwardTotal DefenseLast Minutes OffensiveLast Minutes Defensive
60:00 60:00 0:000:00
Extra Forwards
Normal PowerPlayPenalty Kill
Blake Coleman, Cal Clutterbuck, J.T. CompherJ.T. Compher, Blake ColemanMarcus Foligno
Extra Defensemen
Normal PowerPlayPenalty Kill
Erik Johnson, Vladislav Gavrikov, Nate SchmidtErik Johnson, Vladislav GavrikovNate Schmidt
Penalty Shots
Jack Eichel, William Nylander, Vladimir Tarasenko, J.T. Compher, Cal Clutterbuck
Goalie
Carter Hart, Jonathan Quick
Custom OT Lines Forwards
Jack Eichel, William Nylander, Vladimir Tarasenko, Chandler Stephenson, J.T. Compher, Nick Foligno, Marcus Foligno, Cal Clutterbuck, Blake Coleman, Nic Dowd
Custom OT Lines Defensemen
Alex Pietrangelo, Joel Edmundson, Nate Schmidt, Vladislav Gavrikov, Erik Johnson
Scratches
Owen Tippett (Healthy)


Play-by-Play

1st period


0:01 of 1st period - Jack Eichel wins face-off versus Pavel Zacha in neutral zone.
0:20 of 1st period - Shot by Jack Eichel.
0:20 of 1st period - Stopped by Brian Elliott without a rebound.
0:21 of 1st period - Boone Jenner wins face-off versus J.T. Compher in Avalanches zone.
0:40 of 1st period - Shot by Pius Suter.
0:40 of 1st period - Shot Misses the Net.
0:42 of 1st period - Shot by Alex Goligoski.
0:42 of 1st period - Stopped by Carter Hart without a rebound.
0:43 of 1st period - Derek Ryan wins face-off versus Nick Foligno in Sharks zone.
2:29 of 1st period - Chandler Stephenson is hit by Jake DeBrusk and loses puck.
2:37 of 1st period - Philippe Myers is hit by Jake DeBrusk and loses puck.
2:43 of 1st period - Pavel Zacha is hit by Philippe Myers and loses puck.
3:15 of 1st period - Off-side.
3:16 of 1st period - Derek Ryan wins face-off versus J.T. Compher in neutral zone.
3:33 of 1st period - Nick Bjugstad is hit by Joel Edmundson.
3:39 of 1st period - Shot by Ryan Donato.
3:39 of 1st period - Stopped by Carter Hart without a rebound.
3:40 of 1st period - Nic Dowd wins face-off versus Boone Jenner in Sharks zone.
4:30 of 1st period - Off-side.
4:31 of 1st period - J.T. Compher wins face-off versus Pavel Zacha in neutral zone.
4:44 of 1st period - Shot by Ryan Strome.
4:44 of 1st period - Stopped by Brian Elliott with a rebound.
4:54 of 1st period - Shot by William Nylander.
4:54 of 1st period - Deflect By Ryan Strome.
4:54 of 1st period - Shot Misses the Net.
4:56 of 1st period - Shot by Joel Edmundson.
4:56 of 1st period - Stopped by Brian Elliott without a rebound.
4:57 of 1st period - Marcus Foligno wins face-off versus Derek Ryan in Avalanches zone.
4:57 of 1st period - Philippe Myers is hit by Robert Hagg and loses puck.
5:22 of 1st period - Shot by Blake Coleman.
5:22 of 1st period - Stopped by Brian Elliott without a rebound.
5:23 of 1st period - J.T. Compher wins face-off versus Pavel Zacha in Avalanches zone.
5:36 of 1st period - Shot by Jake DeBrusk.
5:36 of 1st period - Shot Blocked by Nate Schmidt.
6:31 of 1st period - Shot by Boone Jenner.
6:31 of 1st period - Stopped by Carter Hart with a rebound.
6:47 of 1st period - Shot by Jack Eichel.
6:47 of 1st period - Deflect By Chandler Stephenson.
6:47 of 1st period - Stopped by Brian Elliott with a rebound.
8:33 of 1st period - Cal Clutterbuck is hit by Alex Galchenyuk and loses puck.
8:50 of 1st period - Shot by Craig Smith.
8:50 of 1st period - Stopped by Carter Hart without a rebound.
8:51 of 1st period - Pavel Zacha wins face-off versus J.T. Compher in Sharks zone.
10:16 of 1st period - Jack Eichel is hit by John Moore and loses puck.
10:22 of 1st period - Minor Penalty to John Moore for Hooking.
10:23 of 1st period - Derek Ryan wins face-off versus Chandler Stephenson in Avalanches zone.
11:38 of 1st period - Shot by Derek Ryan.
11:38 of 1st period - Shot Blocked by Alex Pietrangelo.
11:40 of 1st period - Shot by Alex Galchenyuk.
11:40 of 1st period - Shot Blocked by Jack Eichel.
11:42 of 1st period - Shot by Josh Manson.
11:42 of 1st period - Stopped by Carter Hart without a rebound.
11:43 of 1st period - Derek Ryan wins face-off versus Jack Eichel in Sharks zone.
12:06 of 1st period - Shot by Vladimir Tarasenko.
12:06 of 1st period - Shot Misses the Net.
12:08 of 1st period - Shot by Alex Pietrangelo.
12:08 of 1st period - Shot Misses the Net.
12:10 of 1st period - Shot by Alex Pietrangelo.
12:10 of 1st period - Shot Blocked by Matt Dumba.
12:12 of 1st period - Shot by Alex Pietrangelo.
12:12 of 1st period - Stopped by Brian Elliott with a rebound.
12:14 of 1st period - Shot by Alex Pietrangelo.
12:14 of 1st period - Shot Misses the Net.
12:30 of 1st period - Shot by Luke Glendening.
12:30 of 1st period - Deflect By Cal Clutterbuck.
12:30 of 1st period - Shot Misses the Net.
12:44 of 1st period - Shot by Philippe Myers.
12:44 of 1st period - Stopped by Brian Elliott with a rebound.
13:07 of 1st period - John Moore is hit by Cal Clutterbuck and loses puck.
13:34 of 1st period - Shot by Jake DeBrusk.
13:34 of 1st period - Shot Misses the Net.
13:36 of 1st period - Shot by Pavel Zacha.
13:36 of 1st period - Stopped by Carter Hart with a rebound.
13:38 of 1st period - Shot by Matt Dumba.
13:38 of 1st period - Shot Blocked by Nic Dowd.
13:44 of 1st period - Shot by Pavel Zacha.
13:44 of 1st period - Shot Misses the Net.
13:46 of 1st period - Shot by Matt Dumba.
13:46 of 1st period - Shot Misses the Net.
13:48 of 1st period - Shot by Josh Manson.
13:48 of 1st period - Shot Misses the Net.
13:50 of 1st period - Shot by Matt Dumba.
13:50 of 1st period - Stopped by Carter Hart without a rebound.
13:51 of 1st period - Eric Staal wins face-off versus Jack Eichel in Sharks zone.
14:06 of 1st period - Shot by Alex Galchenyuk.
14:06 of 1st period - Stopped by Carter Hart without a rebound.
14:07 of 1st period - Derek Ryan wins face-off versus J.T. Compher in Sharks zone.
14:35 of 1st period - Icing by Nate Schmidt.
14:36 of 1st period - J.T. Compher wins face-off versus Pavel Zacha in Sharks zone.
14:36 of 1st period - J.T. Compher is hit by Jake DeBrusk.
15:49 of 1st period - Shot by Vladimir Tarasenko.
15:49 of 1st period - Stopped by Brian Elliott with a rebound.
15:51 of 1st period - Shot by Alex Pietrangelo.
15:51 of 1st period - Shot Blocked by Matt Dumba.
16:37 of 1st period - Shot by James Neal.
16:37 of 1st period - Goal by James Neal - Avalanches : 1 - Sharks : 0.
16:38 of 1st period - Derek Ryan wins face-off versus J.T. Compher in neutral zone.
16:52 of 1st period - Shot by Derek Ryan.
16:52 of 1st period - Stopped by Carter Hart without a rebound.
16:53 of 1st period - Eric Staal wins face-off versus Nic Dowd in Sharks zone.
18:13 of 1st period - Shot by Jack Eichel.
18:13 of 1st period - Shot Blocked by Adam Larsson.
18:23 of 1st period - Shot by Chandler Stephenson.
18:23 of 1st period - Shot Blocked by John Moore.
18:25 of 1st period - Shot by Joel Edmundson.
18:25 of 1st period - Stopped by Brian Elliott without a rebound.
18:26 of 1st period - Nick Foligno wins face-off versus Boone Jenner in Avalanches zone.
18:29 of 1st period - Shot by Nick Foligno.
18:29 of 1st period - Stopped by Brian Elliott without a rebound.
18:30 of 1st period - James Neal wins face-off versus Nick Foligno in Avalanches zone.
18:30 of 1st period - James Neal is hit by Nick Foligno.
18:44 of 1st period - Icing by Alex Pietrangelo.
18:45 of 1st period - Pavel Zacha wins face-off versus Nick Foligno in Sharks zone.
18:51 of 1st period - James van Riemsdyk is hit by Philippe Myers and loses puck.
19:20 of 1st period - Shot by Jake DeBrusk.
19:20 of 1st period - Stopped by Carter Hart with a rebound.
19:49 of 1st period - Off-side.
19:50 of 1st period - J.T. Compher wins face-off versus Boone Jenner in neutral zone.
Goals for this period are 1 for Avalanches vs 0 for Sharks.
Shots for this period are 11 for Avalanches vs 10 for Sharks.

2nd period


0:01 of 2nd period - Boone Jenner wins face-off versus Jack Eichel in neutral zone.
0:20 of 2nd period - Icing by Alex Goligoski.
0:21 of 2nd period - J.T. Compher wins face-off versus Boone Jenner in Avalanches zone.
0:22 of 2nd period - Shot by Ryan Strome.
0:22 of 2nd period - Stopped by Brian Elliott without a rebound.
0:23 of 2nd period - J.T. Compher wins face-off versus Nick Bjugstad in Avalanches zone.
0:28 of 2nd period - Shot by William Nylander.
0:28 of 2nd period - Shot Misses the Net.
0:56 of 2nd period - Shot by Matt Dumba.
0:56 of 2nd period - Stopped by Carter Hart without a rebound.
0:57 of 2nd period - Boone Jenner wins face-off versus Jack Eichel in Sharks zone.
1:08 of 2nd period - Minor Penalty to James Neal for Hooking.
1:09 of 2nd period - Boone Jenner wins face-off versus Jack Eichel in Avalanches zone.
2:38 of 2nd period - Shot by Vladislav Gavrikov.
2:38 of 2nd period - Shot Misses the Net.
2:40 of 2nd period - Shot by Chandler Stephenson.
2:40 of 2nd period - Stopped by Brian Elliott with a rebound.
2:42 of 2nd period - Shot by Blake Coleman.
2:42 of 2nd period - Shot Misses the Net.
2:44 of 2nd period - Shot by Blake Coleman.
2:44 of 2nd period - Stopped by Brian Elliott without a rebound.
2:45 of 2nd period - Boone Jenner wins face-off versus J.T. Compher in Avalanches zone.
2:45 of 2nd period - Boone Jenner is hit by Chandler Stephenson.
3:10 of 2nd period - Off-side.
3:11 of 2nd period - Derek Ryan wins face-off versus Nic Dowd in neutral zone.
3:11 of 2nd period - Derek Ryan is hit by Cal Clutterbuck.
3:16 of 2nd period - Minor Penalty to Joel Edmundson for Hooking.
3:17 of 2nd period - Nic Dowd wins face-off versus Boone Jenner in Sharks zone.
3:45 of 2nd period - Shot by Pius Suter.
3:45 of 2nd period - Stopped by Carter Hart without a rebound.
3:46 of 2nd period - Pavel Zacha wins face-off versus Blake Coleman in Sharks zone.
3:56 of 2nd period - James van Riemsdyk is hit by Erik Johnson and loses puck.
4:59 of 2nd period - Shot by Alex Goligoski.
4:59 of 2nd period - Shot Misses the Net.
5:01 of 2nd period - Shot by Jake DeBrusk.
5:01 of 2nd period - Stopped by Carter Hart without a rebound.
5:02 of 2nd period - Boone Jenner wins face-off versus Nic Dowd in Sharks zone.
5:22 of 2nd period - Shot by Jack Eichel.
5:22 of 2nd period - Stopped by Brian Elliott without a rebound.
5:23 of 2nd period - Eric Staal wins face-off versus Jack Eichel in Avalanches zone.
5:45 of 2nd period - Shot by Alex Galchenyuk.
5:45 of 2nd period - Shot Blocked by Joel Edmundson.
5:47 of 2nd period - Shot by Adam Larsson.
5:47 of 2nd period - Stopped by Carter Hart without a rebound.
5:48 of 2nd period - Nic Dowd wins face-off versus Derek Ryan in Sharks zone.
6:04 of 2nd period - Icing by Alex Pietrangelo.
6:05 of 2nd period - Boone Jenner wins face-off versus Nic Dowd in Sharks zone.
6:20 of 2nd period - Shot by Alex Goligoski.
6:20 of 2nd period - Shot Blocked by Alex Pietrangelo.
7:09 of 2nd period - Matt Dumba is hit by Joel Edmundson and loses puck.
7:13 of 2nd period - Off-side.
7:14 of 2nd period - Jack Eichel wins face-off versus Ryan Donato in neutral zone.
7:28 of 2nd period - Shot by Vladimir Tarasenko.
7:28 of 2nd period - Shot Misses the Net.
7:30 of 2nd period - Shot by Chandler Stephenson.
7:30 of 2nd period - Shot Misses the Net.
7:32 of 2nd period - Shot by Chandler Stephenson.
7:32 of 2nd period - Shot Misses the Net.
7:34 of 2nd period - Shot by Chandler Stephenson.
7:34 of 2nd period - Shot Blocked by John Moore.
7:42 of 2nd period - Shot by Chandler Stephenson.
7:42 of 2nd period - Stopped by Brian Elliott without a rebound.
7:43 of 2nd period - Pavel Zacha wins face-off versus J.T. Compher in Avalanches zone.
7:45 of 2nd period - Icing by Josh Manson.
7:46 of 2nd period - Pavel Zacha wins face-off versus J.T. Compher in Avalanches zone.
7:51 of 2nd period - Shot by James van Riemsdyk.
7:51 of 2nd period - Shot Misses the Net.
7:53 of 2nd period - Shot by James van Riemsdyk.
7:53 of 2nd period - Shot Blocked by Nate Schmidt.
10:40 of 2nd period - Off-side.
10:41 of 2nd period - J.T. Compher wins face-off versus Derek Ryan in neutral zone.
10:46 of 2nd period - Shot by Ryan Strome.
10:46 of 2nd period - Stopped by Brian Elliott without a rebound.
10:47 of 2nd period - Pavel Zacha wins face-off versus Jack Eichel in Avalanches zone.
10:59 of 2nd period - Icing by Vladislav Gavrikov.
11:00 of 2nd period - Derek Ryan wins face-off versus Jack Eichel in Sharks zone.
12:03 of 2nd period - Shot by Pavel Zacha.
12:03 of 2nd period - Stopped by Carter Hart without a rebound.
12:04 of 2nd period - Nick Foligno wins face-off versus Alex Galchenyuk in Sharks zone.
13:20 of 2nd period - James van Riemsdyk is hit by Philippe Myers and loses puck.
14:08 of 2nd period - Shot by Nick Bjugstad.
14:08 of 2nd period - Shot Blocked by Alex Pietrangelo.
14:57 of 2nd period - Shot by Chandler Stephenson.
14:57 of 2nd period - Deflect By Vladimir Tarasenko.
14:57 of 2nd period - Shot Misses the Net.
15:10 of 2nd period - Off-side.
15:11 of 2nd period - Pavel Zacha wins face-off versus Nick Foligno in neutral zone.
15:18 of 2nd period - Shot by Jake DeBrusk.
15:18 of 2nd period - Stopped by Carter Hart without a rebound.
15:19 of 2nd period - Pavel Zacha wins face-off versus Nick Foligno in Sharks zone.
15:37 of 2nd period - Shot by Pavel Zacha.
15:37 of 2nd period - Shot Misses the Net.
15:43 of 2nd period - Shot by James van Riemsdyk.
15:43 of 2nd period - Stopped by Carter Hart without a rebound.
15:43 of 2nd period - Minor Penalty to Joel Edmundson for Hooking.
15:44 of 2nd period - Boone Jenner wins face-off versus Nic Dowd in Sharks zone.
15:52 of 2nd period - Icing by Jake DeBrusk.
15:53 of 2nd period - Boone Jenner wins face-off versus Nic Dowd in Avalanches zone.
16:02 of 2nd period - Shot by Jake DeBrusk.
16:02 of 2nd period - Shot Misses the Net.
16:10 of 2nd period - Shot by Jake DeBrusk.
16:10 of 2nd period - Stopped by Carter Hart with a rebound.
16:28 of 2nd period - Shot by Boone Jenner.
16:28 of 2nd period - Shot Blocked by Erik Johnson.
16:30 of 2nd period - Shot by Boone Jenner.
16:30 of 2nd period - Shot Misses the Net.
17:16 of 2nd period - Josh Manson is hit by Blake Coleman and loses puck.
17:37 of 2nd period - Shot by Boone Jenner.
17:37 of 2nd period - Goal by Boone Jenner - Avalanches : 2 - Sharks : 0.
17:38 of 2nd period - Craig Smith wins face-off versus Jack Eichel in neutral zone.
18:17 of 2nd period - Vladislav Gavrikov is hit by Adam Larsson and loses puck.
18:21 of 2nd period - Icing by Adam Larsson.
18:22 of 2nd period - Eric Staal wins face-off versus Nic Dowd in Avalanches zone.
19:49 of 2nd period - J.T. Compher is hit by Jake DeBrusk and loses puck.
Goals for this period are 1 for Avalanches vs 0 for Sharks.
Shots for this period are 9 for Avalanches vs 6 for Sharks.

3rd period


0:01 of 3rd period - J.T. Compher wins face-off versus Boone Jenner in neutral zone.
0:07 of 3rd period - Ryan Strome is hit by Josh Manson.
0:18 of 3rd period - Matt Dumba is hit by Philippe Myers and loses puck.
0:26 of 3rd period - J.T. Compher is hit by James Neal and loses puck.
0:45 of 3rd period - Matt Dumba is hit by Philippe Myers and loses puck.
1:02 of 3rd period - Josh Manson is hit by Nate Schmidt and loses puck.
1:15 of 3rd period - Shot by Vladimir Tarasenko.
1:15 of 3rd period - Stopped by Brian Elliott without a rebound.
1:16 of 3rd period - Pavel Zacha wins face-off versus Nick Foligno in Avalanches zone.
1:38 of 3rd period - Jake DeBrusk is hit by Marcus Foligno and loses puck.
2:39 of 3rd period - Nick Bjugstad is hit by Joel Edmundson and loses puck.
2:47 of 3rd period - Icing by Vladimir Tarasenko.
2:48 of 3rd period - Eric Staal wins face-off versus Jack Eichel in Sharks zone.
3:06 of 3rd period - Shot by Nate Schmidt.
3:06 of 3rd period - Shot Misses the Net.
3:08 of 3rd period - Shot by Chandler Stephenson.
3:08 of 3rd period - Shot Misses the Net.
3:10 of 3rd period - Shot by Chandler Stephenson.
3:10 of 3rd period - Shot Misses the Net.
3:16 of 3rd period - Shot by Jack Eichel.
3:16 of 3rd period - Stopped by Brian Elliott without a rebound.
3:17 of 3rd period - Pavel Zacha wins face-off versus J.T. Compher in Avalanches zone.
3:17 of 3rd period - Pavel Zacha is hit by Ryan Strome.
3:36 of 3rd period - Shot by Pavel Zacha.
3:36 of 3rd period - Shot Blocked by Alex Pietrangelo.
3:38 of 3rd period - Shot by Pavel Zacha.
3:38 of 3rd period - Shot Misses the Net.
3:40 of 3rd period - Shot by Robert Hagg.
3:40 of 3rd period - Stopped by Carter Hart without a rebound.
3:41 of 3rd period - Boone Jenner wins face-off versus Nic Dowd in Sharks zone.
3:56 of 3rd period - Shot by Nate Schmidt.
3:56 of 3rd period - Shot Blocked by Matt Dumba.
3:58 of 3rd period - Shot by Nic Dowd.
3:58 of 3rd period - Shot Misses the Net.
4:00 of 3rd period - Shot by Luke Glendening.
4:00 of 3rd period - Stopped by Brian Elliott without a rebound.
4:01 of 3rd period - Jack Eichel wins face-off versus Pavel Zacha in Avalanches zone.
4:23 of 3rd period - Shot by Chandler Stephenson.
4:23 of 3rd period - Shot Misses the Net.
4:31 of 3rd period - Jack Eichel is hit by Pavel Zacha and loses puck.
4:44 of 3rd period - Shot by Alex Pietrangelo.
4:44 of 3rd period - Shot Misses the Net.
4:56 of 3rd period - Shot by Ryan Strome.
4:56 of 3rd period - Shot Blocked by James van Riemsdyk.
4:58 of 3rd period - Shot by J.T. Compher.
4:58 of 3rd period - Stopped by Brian Elliott without a rebound.
4:59 of 3rd period - Boone Jenner wins face-off versus J.T. Compher in Avalanches zone.
5:32 of 3rd period - Off-side.
5:33 of 3rd period - Derek Ryan wins face-off versus Nick Foligno in neutral zone.
5:33 of 3rd period - John Moore is hit by Marcus Foligno and loses puck.
5:59 of 3rd period - Ryan Donato is hit by Erik Johnson and loses puck.
6:11 of 3rd period - Icing by John Moore.
6:12 of 3rd period - Derek Ryan wins face-off versus Chandler Stephenson in Avalanches zone.
6:23 of 3rd period - Shot by Derek Ryan.
6:23 of 3rd period - Stopped by Carter Hart without a rebound.
6:24 of 3rd period - Boone Jenner wins face-off versus J.T. Compher in Sharks zone.
6:24 of 3rd period - Boone Jenner is hit by Joel Edmundson.
6:29 of 3rd period - Pius Suter is hit by Joel Edmundson.
6:56 of 3rd period - Shot by Ryan Strome.
6:56 of 3rd period - Stopped by Brian Elliott without a rebound.
6:57 of 3rd period - Pavel Zacha wins face-off versus Jack Eichel in Avalanches zone.
7:14 of 3rd period - Icing by Pavel Zacha.
7:15 of 3rd period - Nick Foligno wins face-off versus Pavel Zacha in Avalanches zone.
7:16 of 3rd period - Shot by Blake Coleman.
7:16 of 3rd period - Shot Blocked by Josh Manson.
7:22 of 3rd period - Shot by Matt Dumba.
7:22 of 3rd period - Stopped by Carter Hart without a rebound.
7:23 of 3rd period - Jack Eichel wins face-off versus James Neal in Sharks zone.
7:23 of 3rd period - Jack Eichel is hit by Boone Jenner.
7:28 of 3rd period - Off-side.
7:29 of 3rd period - Derek Ryan wins face-off versus Jack Eichel in neutral zone.
7:33 of 3rd period - Off-side.
7:34 of 3rd period - Jack Eichel wins face-off versus Boone Jenner in neutral zone.
7:45 of 3rd period - Jack Eichel is hit by Alex Goligoski and loses puck.
8:07 of 3rd period - Erik Johnson is hit by Boone Jenner and loses puck.
8:14 of 3rd period - Shot by Jack Eichel.
8:14 of 3rd period - Stopped by Brian Elliott without a rebound.
8:15 of 3rd period - William Nylander wins face-off versus Pavel Zacha in Avalanches zone.
8:15 of 3rd period - Ryan Strome is hit by Josh Manson and loses puck.
8:44 of 3rd period - Shot by James van Riemsdyk.
8:44 of 3rd period - Shot Blocked by Joel Edmundson.
8:46 of 3rd period - Shot by Josh Manson.
8:46 of 3rd period - Stopped by Carter Hart without a rebound.
8:47 of 3rd period - Nick Foligno wins face-off versus Derek Ryan in Sharks zone.
8:54 of 3rd period - Nick Bjugstad is hit by Blake Coleman and loses puck.
9:03 of 3rd period - Shot by Ryan Donato.
9:03 of 3rd period - Shot Blocked by Marcus Foligno.
9:05 of 3rd period - Shot by Nick Bjugstad.
9:05 of 3rd period - Shot Blocked by Marcus Foligno.
9:07 of 3rd period - Shot by Derek Ryan.
9:07 of 3rd period - Goal by Derek Ryan - Avalanches : 3 - Sharks : 0.
9:08 of 3rd period - Jack Eichel wins face-off versus Boone Jenner in neutral zone.
9:08 of 3rd period - Jack Eichel is hit by James Neal.
9:14 of 3rd period - Shot by Chandler Stephenson.
9:14 of 3rd period - Shot Misses the Net.
9:24 of 3rd period - Shot by Boone Jenner.
9:24 of 3rd period - Deflect By Pius Suter.
9:24 of 3rd period - Stopped by Carter Hart without a rebound.
9:25 of 3rd period - Derek Ryan wins face-off versus J.T. Compher in Sharks zone.
9:36 of 3rd period - Josh Manson is hit by Ryan Strome and loses puck.
9:45 of 3rd period - Shot by William Nylander.
9:45 of 3rd period - Shot Blocked by Derek Ryan.
9:47 of 3rd period - Shot by Ryan Strome.
9:47 of 3rd period - Deflect By William Nylander.
9:47 of 3rd period - Shot Misses the Net.
10:04 of 3rd period - J.T. Compher is hit by Josh Manson and loses puck.
10:07 of 3rd period - Shot by J.T. Compher.
10:07 of 3rd period - Stopped by Brian Elliott without a rebound.
10:08 of 3rd period - Jack Eichel wins face-off versus Jake DeBrusk in Avalanches zone.
10:11 of 3rd period - Shot by Vladimir Tarasenko.
10:11 of 3rd period - Shot Misses the Net.
10:21 of 3rd period - Shot by James van Riemsdyk.
10:21 of 3rd period - Shot Blocked by Erik Johnson.
10:23 of 3rd period - Shot by Pavel Zacha.
10:23 of 3rd period - Stopped by Carter Hart without a rebound.
10:24 of 3rd period - Nick Foligno wins face-off versus James Neal in Sharks zone.
10:24 of 3rd period - Nick Foligno is hit by James Neal.
11:00 of 3rd period - Blake Coleman is hit by Boone Jenner and loses puck.
11:08 of 3rd period - Minor Penalty to Boone Jenner for Holding Stick.
11:09 of 3rd period - Derek Ryan wins face-off versus Jack Eichel in Avalanches zone.
11:46 of 3rd period - Shot by Jack Eichel.
11:46 of 3rd period - Stopped by Brian Elliott without a rebound.
11:47 of 3rd period - Chandler Stephenson wins face-off versus Alex Galchenyuk in Avalanches zone.
11:58 of 3rd period - Shot by Nate Schmidt.
11:58 of 3rd period - Stopped by Brian Elliott with a rebound.
12:00 of 3rd period - Shot by Nate Schmidt.
12:00 of 3rd period - Stopped by Brian Elliott without a rebound.
12:01 of 3rd period - Chandler Stephenson wins face-off versus Alex Galchenyuk in Avalanches zone.
12:06 of 3rd period - Shot by Alex Pietrangelo.
12:06 of 3rd period - Shot Misses the Net.
13:17 of 3rd period - Shot by Luke Glendening.
13:17 of 3rd period - Stopped by Brian Elliott with a rebound.
13:21 of 3rd period - Shot by Nic Dowd.
13:21 of 3rd period - Stopped by Brian Elliott without a rebound.
13:22 of 3rd period - Derek Ryan wins face-off versus Luke Glendening in Avalanches zone.
13:53 of 3rd period - Shot by Ryan Donato.
13:53 of 3rd period - Stopped by Carter Hart without a rebound.
13:54 of 3rd period - Jack Eichel wins face-off versus Boone Jenner in Sharks zone.
13:54 of 3rd period - Jack Eichel is hit by James Neal.
14:01 of 3rd period - Vladimir Tarasenko is hit by Robert Hagg and loses puck.
14:13 of 3rd period - Jack Eichel is hit by Robert Hagg and loses puck.
14:16 of 3rd period - Shot by Chandler Stephenson.
14:16 of 3rd period - Shot Misses the Net.
14:44 of 3rd period - Shot by William Nylander.
14:44 of 3rd period - Shot Hit the Post.
14:46 of 3rd period - Shot by William Nylander.
14:46 of 3rd period - Shot Misses the Net.
14:48 of 3rd period - Shot by Ryan Strome.
14:48 of 3rd period - Shot Blocked by Alex Goligoski.
15:46 of 3rd period - Shot by Blake Coleman.
15:46 of 3rd period - Shot Misses the Net.
15:48 of 3rd period - Shot by Nate Schmidt.
15:48 of 3rd period - Shot Misses the Net.
15:50 of 3rd period - Shot by Nick Foligno.
15:50 of 3rd period - Stopped by Brian Elliott without a rebound.
15:51 of 3rd period - Pavel Zacha wins face-off versus Nic Dowd in Avalanches zone.
16:21 of 3rd period - Icing by Matt Dumba.
16:22 of 3rd period - Jack Eichel wins face-off versus Pavel Zacha in Avalanches zone.
16:29 of 3rd period - Shot by Chandler Stephenson.
16:29 of 3rd period - Goal by Chandler Stephenson - Avalanches : 3 - Sharks : 1.
16:30 of 3rd period - Derek Ryan wins face-off versus Jack Eichel in neutral zone.
16:30 of 3rd period - Derek Ryan is hit by Jack Eichel.
17:27 of 3rd period - Minor Penalty to Erik Johnson for Hooking.
17:27 of 3rd period - Minor Penalty to Nick Bjugstad for Holding.
17:28 of 3rd period - Pavel Zacha wins face-off versus Blake Coleman in Sharks zone.
17:31 of 3rd period - Shot by Matt Dumba.
17:31 of 3rd period - Stopped by Carter Hart with a rebound.
18:34 of 3rd period - Off-side.
18:35 of 3rd period - Boone Jenner wins face-off versus Jack Eichel in neutral zone.
19:35 of 3rd period - Derek Ryan is hit by Nic Dowd and loses puck.
Goals for this period are 1 for Avalanches vs 1 for Sharks.
Shots for this period are 9 for Avalanches vs 14 for Sharks.